 Dungeon Crawl Stone Soup version 0.17-a0-1037-gbf358b4 (webtiles) character file.

113238 inmateoo the Fetichist (level 16, -21/128 HPs)
             Began as a Purple Draconian Fire Elementalist on May 13, 2015.
             Was the Champion of Makhleb.
             Shot with a steel bolt by a naga sharpshooter (22 damage)
             ... on level 1 of the Snake Pit on May 14, 2015.
             The game lasted 01:36:31 (34250 turns).

inmateoo the Fetichist (DrFE)                      Turns: 34250, Time: 01:36:31

Health: -21/128    AC: 13    Str: 15      XL:     16   Next: 13%
Magic:  33/33      EV: 21    Int: 24 (26) God:    Makhleb [******]
Gold:   848        SH:  6    Dex: 18      Spells: 8 memorised, 12 levels left

rFire  . . .     SeeInvis +     J - +8 lightning rod (0/17)
rCold  . . .     Clarity  .     (armour unavailable)
rNeg   . . .     SustAb   .     r - +0 buckler
rPois  +         Gourm    .     T - +0 hat
rElec  .         Spirit   .     Q - +0 cloak of a treasure trove {Str+3 Int+4} (curse)
rCorr  .         Warding  .     N - +1 pair of gloves
rMut   +         Stasis   .     P - +0 pair of boots (curse)
MR     ++...                    B - amulet of resist mutation
Stlth  +++.......               d - ring of see invisible
                                l - +5 ring of dexterity

@: very resistant to hostile enchantments, fairly stealthy
A: breathe power, unfitting armour, antennae 1, fangs 1, stinger 1, clever 1,
poison resistance, cold-blooded, AC +9
a: Breathe Dispelling Energy, Minor Destruction, Lesser Servant of Makhleb,
Major Destruction, Greater Servant of Makhleb, Renounce Religion


You were on level 1 of the Snake Pit.
You worshipped Makhleb.
Makhleb was exalted by your worship.
You were hungry.

You visited 6 branches of the dungeon, and saw 30 of its levels.
You also visited: Ossuary.

You collected 2872 gold pieces.
You spent 2024 gold pieces at shops.

Inventory:

Hand weapons
 W - the +11 spear "Xeurchaketz" {flame, rC- MR++ Int+5}
   (You found it on level 13 of the Dungeon)

   It has been specially enchanted to burn those struck by it, causing extra
   injury to most foes and up to half again as much damage against particularly
   susceptible opponents.
   It affects your intelligence (+5).
   It makes you vulnerable to cold.
   It affects your resistance to hostile enchantments.
Missiles
 e - 5 throwing nets (quivered)
Armour
 r - a +0 buckler (worn)
 N - a +1 pair of gloves (worn)
 P - a cursed +0 pair of boots (worn)
 Q - the cursed +0 cloak of a treasure trove (worn) {Str+3 Int+4}
   (You bought it in a shop on level 4 of the Orcish Mines)

   It affects your strength (+3).
   It affects your intelligence (+4).
   It has a curse placed upon it.
 T - a +0 hat (worn)
Magical staves
 t - an uncursed staff of wizardry
 C - an uncursed staff of conjuration
Rods
 J - a +8 lightning rod (0/17) (weapon)
   (You found it on level 7 of the Dungeon)
Jewellery
 d - a ring of see invisible (right hand)
 j - an uncursed amulet of regeneration
 l - a +5 ring of dexterity (left hand)
 u - an uncursed ring of ice
 B - an amulet of resist mutation (around neck)
 V - an uncursed ring of positive energy
Magical devices
 y - a wand of fire (9)
 O - a wand of fireball (4)
 S - a wand of lightning (8)
Scrolls
 c - 2 scrolls of magic mapping
 h - a scroll of fear
 p - 7 scrolls of enchant armour
 w - 3 scrolls of identify
 G - 9 scrolls of remove curse
 L - 11 scrolls of teleportation
 Y - a scroll of fog
 Z - a scroll of blinking
Potions
 f - a potion of haste
 g - a potion of berserk rage
 k - 3 potions of brilliance
 q - 6 potions of curing
 s - a potion of ambrosia
 v - a potion of resistance
 x - a potion of invisibility
 z - a potion of might
 A - a potion of cancellation
 D - a potion of flight
 E - 3 potions of agility
 H - 2 potions of magic
 R - a potion of heal wounds
Miscellaneous
 K - a fan of gales (inert)
 M - a disc of storms
 U - a lantern of shadows
Comestibles
 a - 2 beef jerkies
 b - 13 bread rations
 i - a meat ration
 m - a chunk of flesh
 n - 19 fruits
 F - 10 royal jellies


   Skills:
 - Level 8.0 Fighting
 + Level 6.4 Staves
 + Level 11.0 Dodging
 - Level 5.5 Stealth
 - Level 5.0 Shields
 + Level 13.0 Spellcasting
 + Level 8.3 Conjurations
 - Level 4.0 Charms
 * Level 12.5 Fire Magic
 * Level 15.7 Evocations


You had 12 spell levels left.
You knew the following spells:

 Your Spells              Type           Power        Failure   Level  Hunger
a - Flame Tongue          Conj/Fire      #####        1%          1    None
b - Throw Flame           Conj/Fire      ######       1%          2    None
c - Conjure Flame         Conj/Fire      ######..     1%          3    None
d - Sticky Flame          Conj/Fire      ######..     1%          4    None
e - Fireball              Conj/Fire      ######....   1%          5    ###....
f - Dispel Undead         Necr           ###.....     93%         5    ###....
g - Ring of Flames        Chrm/Fire      ######....   91%         7    ######.
h - Blink                 Tloc           N/A          8%          2    None


Dungeon Overview and Level Annotations

Branches:
Dungeon (15/15)            Temple (1/1) D:4            Lair (8/8) D:9
 Shoals (1/4) Lair:5        Snake (1/4) Lair:3        Slime (0/6) Lair:8
    Orc (4/4) D:11            Elf (0/3) Orc:3        Vaults (0/5) D:14
 Depths (0/5) D:15

Altars:
Ashenzari
Cheibriados
Dithmenos
Elyvilon
Fedhas
Gozag
Kikubaaqudgha
Makhleb
Nemelex Xobeh
Okawaru
Qazlal
Ru
Sif Muna
Trog
Vehumet
Xom
Yredelemnul
Zin
The Shining One
Beogh
Jiyva

Shops:
D:10 %   D:12 (   D:14 }   Orc:2 ?   Orc:4 [*[(%

Annotations:
D:2 Sigmund
Lair:8 exclusion: door


Innate Abilities, Weirdness & Mutations

You can breathe bolts of dispelling energy.
Your rich purple scales are hard (AC +9).
Your body does not fit into most forms of armour.
You are cold-blooded and may be slowed by cold attacks.
You have a pair of small antennae on your head.
You have very sharp teeth.
Your tail ends in a poisonous barb.
Your mind is acute. (Int +2)
Your system is resistant to poisons.


Message History

* * * LOW HITPOINT WARNING * * *
The naga sharpshooter shoots an arrow.
The arrow closely misses you.
The naga sharpshooter casts a spell.
The naga sharpshooter magically shoots a steel bolt.
The steel bolt hits you!!
* * * LOW HITPOINT WARNING * * *
Things that are here:
a steel bolt; 3 arrows of flame Drink which item? (? for menu, Esc to quit)
You feel better.
The naga sharpshooter gestures wildly while chanting.
The naga sharpshooter magically shoots an arrow of flame.
The arrow of flame hits you!
* * * LOW HITPOINT WARNING * * *
The arrow of flame burns you.
* * * LOW HITPOINT WARNING * * *
The naga sharpshooter mumbles some strange words.
The naga sharpshooter magically shoots a steel bolt.
The steel bolt hits you!!
You die...

..#......#.........##
.##########......<..##
.###########.....(...#
.....##...###...N....##
...........####{N..((.##
.............###{......##
...........(...##.......#
#...........#...##N......#
##....[.....##(.@(N.......#
##........).###...........#
#...........##..).........
#.......#....##..N........
#......####..###.......
##.....# ...# #......
###...# ....# #..... #....
...... #.... ..... ....N


You could see 3 naga sharpshooters.

Vanquished Creatures
  Maud (Lair:6)
  4 vault guards (D:14)
  Josephine (Orc:2)
  Fannar (D:12)
  Harold (D:11)
  A catoblepas (D:13)
  12 hydras
  3 tengu warriors (D:15)
  4 centaur warriors
  An ogre mage (D:15)
  6 death yaks
  3 orc high priests (Orc:4)
  Sonja (D:11)
  9 skeletal warriors
  An unseen horror (shapeshifter) (D:15)
  An unseen horror (D:15)
  A giant orange brain (D:15)
  6 hill giants
  6 orc knights
  5 orc sorcerers
  3 wizards
  A cyclops (D:14)
  5 griffons
  4 ugly things
  8 elephants
  9 black mambas
  17 spiny frogs
  2 fire drakes
  An efreet (D:14)
  12 komodo dragons
  3 tengu conjurers
  4 yaktaurs
  2 jumping spiders (shapeshifter) (D:15)
  A polar bear (Lair:8)
  8 trolls
  Prince Ribbit (D:7)
  7 ravens (D:15)
  21 blink frogs
  2 two-headed ogres (D:15)
  4 boulder beetles
  A two-headed ogre (shapeshifter) (D:15)
  7 slime creatures
  A snapping turtle (Lair:5)
  5 wraiths
  3 deep elf magi
  A hill giant zombie (D:11)
  2 humans (D:14)
  A wyvern (D:9)
  7 shadows
  A tarantella (shapeshifter) (D:15)
  5 wolves
  2 basilisks
  A mottled dragon (D:12)
  3 vampire mosquitoes (D:15)
  77 yaks
  4 hungry ghosts
  9 hippogriffs
  Edmund (D:6)
  A warg (Orc:3)
  A soldier ant (D:13)
  A naga (Snake:1)
  10 water moccasins
  3 ice beasts
  Duvessa (D:4)
  13 porcupines
  3 sky beasts
  28 orc warriors
  A phantom (D:11)
  2 black bears
  9 ogres
  2 wasps
  An eye of draining (D:10)
  23 crocodiles
  A necrophage (D:11)
  20 centaurs
  25 giant frogs
  2 big kobolds
  A gnoll sergeant (D:4)
  A wyvern zombie (D:11)
  A water moccasin zombie (D:8)
  Dowan (D:4)
  A wyvern skeleton (D:14)
  A troll zombie (D:11)
  10 scorpions
  18 killer bees
  3 electric eels
  4 crimson imps
  11 wights
  4 centaur zombies
  3 human zombies (Ossuary)
  A giant frog zombie (D:5)
  23 orc priests
  8 hounds
  3 jellies (D:12)
  5 giant frog skeletons
  11 iguanas
  A centaur skeleton (D:11)
  2 quasits
  36 orc wizards
  Natasha (D:3)
  5 worker ants
  28 sheep
  A killer bee zombie (D:5)
  6 ogre zombies (D:11)
  A big kobold zombie (Ossuary)
  3 mummies (Ossuary)
  A hound skeleton (D:6)
  7 gnolls
  A worker ant zombie (D:9)
  15 adders
  25 river rats
  4 scorpion zombies (Ossuary)
  A shadow imp (D:5)
  5 oozes (D:12)
  186 orcs
  3 ball pythons
  A bat zombie (D:7)
  6 giant cockroaches
  3 gnoll zombies (Ossuary)
  16 hobgoblins
  6 jackals
  19 kobolds
  5 quokkas
  20 bats
  A giant cockroach zombie (D:5)
  8 giant geckos
  2 giant newts
  20 goblins
  A goblin skeleton (D:11)
  6 goblin zombies
  A hobgoblin skeleton (D:11)
  2 hobgoblin zombies
  2 kobold zombies (Ossuary)
  2 orc skeletons (D:11)
  16 orc zombies (D:11)
  9 rats
1049 creatures vanquished.

Vanquished Creatures (collateral kills)
  Snorg (D:13)
  A catoblepas (Lair:7)
  A salamander stormcaller (D:15)
  5 death yaks (Lair:8)
  Urug (D:11)
  An ugly thing (D:11)
  2 elephants (Lair:5)
  A spiny frog (Lair:2)
  A komodo dragon (Lair:2)
  A polar bear (Lair:2)
  A troll (D:13)
  2 fire vortices (D:15)
  4 slime creatures (D:13)
  A yak (D:13)
  A human (shapeshifter) (D:15)
  A black bear (Lair:2)
  A crocodile (D:13)
  2 hounds (D:13)
  A jelly (D:13)
  A crimson imp (D:13)
  3 river rats (Lair:2)
33 creatures vanquished.

Vanquished Creatures (others)
  3 air elementals
  2 fire vortices (D:15)
  A dancing weapon (D:13)
  23 shadows
  An insubstantial wisp (D:13)
  A hell hound (D:13)
  2 centaurs (D:13)
  A sheep (Lair:6)
  8 fungi
  4 plants
46 creatures vanquished.

Grand Total: 1128 creatures vanquished

Notes
Turn   | Place    | Note
--------------------------------------------------------------
     0 | D:1      | inmateoo the Draconian Fire Elementalist began the quest for the Orb.
     0 | D:1      | Reached XP level 1. HP: 14/14 MP: 3/3
   185 | D:1      | Reached XP level 2. HP: 11/20 MP: 1/5
   597 | D:1      | HP: 1/20 [hobgoblin/club (1)]
   864 | D:1      | Reached XP level 3. HP: 16/26 MP: 0/6
   937 | D:2      | Learned a level 2 spell: Throw Flame
   941 | D:2      | Learned a level 3 spell: Conjure Flame
   962 | D:2      | Found a deep blue altar of Sif Muna.
  1309 | D:2      | Noticed Sigmund
  1724 | D:3      | Reached XP level 4. HP: 26/33 MP: 0/7
  2102 | D:4      | Noticed an ogre
  2168 | D:3      | Noticed Natasha
  2197 | D:4      | Reached skill level 4 in Fire Magic
  2202 | D:4      | Reached XP level 5. HP: 24/38 MP: 0/8
  2633 | D:3      | Killed Natasha
  3041 | D:3      | Reached XP level 6. HP: 16/45 MP: 0/10
  3305 | D:3      | Found an iron altar of Okawaru.
  3416 | D:3      | Learned a level 4 spell: Sticky Flame
  4228 | D:4      | Reached skill level 5 in Fire Magic
  4228 | D:4      | Your scales start taking on a rich purple colour.
  4228 | D:4      | Reached XP level 7. HP: 33/50 MP: 3/13
  4246 | D:4      | Found a staircase to the Ecumenical Temple.
  4256 | Temple   | Entered the Ecumenical Temple
  4396 | Temple   | Became a worshipper of Makhleb the Destroyer
  4709 | D:4      | Noticed Dowan
  4712 | D:4      | Noticed Duvessa
  4722 | D:4      | Killed Duvessa
  4725 | D:4      | Killed Dowan
  4837 | D:5      | Entered Level 5 of the Dungeon
  4852 | D:5      | Acquired Makhleb's first power
  4853 | D:5      | Found a sand-covered staircase.
  4903 | D:5      | Learned a level 5 spell: Fireball
  4904 | Ossuary  | Entered an ossuary
  5380 | Ossuary  | Reached XP level 8. HP: 55/57 MP: 4/15
  5541 | Ossuary  | Reached skill level 6 in Fire Magic
  5608 | Ossuary  | Gained mutation: Potions and wands are less effective at restoring your health. [potion of mutation]
  5608 | Ossuary  | Gained mutation: Your system is resistant to poisons. [potion of mutation]
  5608 | Ossuary  | Gained mutation: Your tail ends in a poisonous barb. [potion of mutation]
  5633 | Ossuary  | Reached skill level 5 in Spellcasting
  5722 | Ossuary  | Gained mutation: You have a pair of small antennae on your head. [potion of mutation]
  5722 | Ossuary  | Gained mutation: You evolve. [potion of mutation]
  5722 | Ossuary  | Gained mutation: Your mind is acute. (Int +2) [potion of mutation]
  5863 | D:5      | Acquired Makhleb's second power
  5969 | D:5      | Lost mutation: Potions and wands are less effective at restoring your health. [evolution]
  5969 | D:5      | Lost mutation: You evolve. [end of evolution]
  6171 | D:5      | Found a basalt altar of Yredelemnul.
  6983 | D:6      | Noticed Edmund
  7000 | D:6      | Killed Edmund
  7033 | D:6      | Reached skill level 5 in Stealth
  7115 | D:6      | Reached skill level 7 in Fire Magic
  7605 | D:7      | Noticed Prince Ribbit
  7615 | D:7      | Killed Prince Ribbit
  7716 | D:7      | Killed an ogre
  7716 | D:7      | Reached XP level 9. HP: 62/62 MP: 9/17
  8404 | D:8      | Found a stormy altar of Qazlal.
  8408 | D:8      | Reached skill level 5 in Conjurations
  8426 | D:8      | Acquired Makhleb's third power
  8691 | D:8      | Reached skill level 1 in Evocations
  8767 | D:8      | Found an opulent altar of Gozag.
  8890 | D:8      | Found a glowing golden altar of the Shining One.
  9150 | D:9      | Reached skill level 1 in Fighting
  9212 | D:9      | Reached skill level 5 in Dodging
  9212 | D:9      | Reached skill level 8 in Fire Magic
  9267 | D:9      | Acquired Makhleb's fourth power
  9267 | D:9      | Reached XP level 10. HP: 74/74 MP: 7/20
  9437 | D:9      | Found a staircase to the Lair.
  9720 | D:9      | Found a snail-covered altar of Cheibriados.
  9923 | D:10     | Entered Level 10 of the Dungeon
 10045 | D:10     | Reached skill level 5 in Evocations
 10176 | D:10     | Found Zeothril's Food Shoppe.
 10375 | D:10     | Reached skill level 9 in Fire Magic
 10383 | D:10     | Acquired Makhleb's fifth power
 10543 | D:11     | Noticed Urug
 10562 | D:11     | Noticed Sonja
 10565 | D:11     | Killed Sonja
 10809 | D:11     | Noticed Harold
 10823 | D:11     | Killed Harold
 10823 | D:11     | Reached XP level 11. HP: 61/85 MP: 5/22
 11043 | D:11     | Found a staircase to the Orcish Mines.
 11118 | D:11     | Reached skill level 5 in Fighting
 11290 | D:11     | Noticed a hill giant
 11294 | D:11     | Killed a hill giant
 11518 | D:11     | Noticed a skeletal warrior
 11520 | D:11     | Noticed a skeletal warrior
 11521 | D:11     | Noticed a skeletal warrior
 11528 | D:11     | Noticed a skeletal warrior
 11531 | D:11     | Killed a skeletal warrior
 11539 | D:11     | Noticed a skeletal warrior
 11690 | Lair:1   | Entered Level 1 of the Lair of Beasts
 13396 | Lair:2   | Gained mutation: You have very sharp teeth. [potion of beneficial mutation]
 13973 | Lair:2   | Learned a level 5 spell: Dispel Undead
 14771 | Lair:3   | Found a staircase to the Snake Pit.
 14841 | Lair:3   | Reached XP level 12. HP: 96/100 MP: 21/25
 14925 | Lair:3   | Noticed a seven-headed hydra
 14927 | Lair:3   | Reached skill level 10 in Evocations
 14946 | Lair:3   | Killed a seven-headed hydra
 16125 | Lair:4   | Reached skill level 11 in Evocations
 16343 | Lair:5   | Reached skill level 1 in Shields
 16402 | Lair:5   | Reached skill level 10 in Spellcasting
 16731 | Lair:5   | Noticed an eight-headed hydra
 16997 | Lair:5   | Killed an eight-headed hydra
 17641 | Lair:5   | Reached XP level 13. HP: 94/107 MP: 15/27
 17649 | Lair:5   | Reached skill level 12 in Evocations
 18253 | Lair:5   | Found a staircase to the Shoals.
 18307 | Shoals:1 | Entered Level 1 of the Shoals
 18821 | Lair:6   | Found a burning altar of Makhleb.
 19166 | Lair:6   | Noticed Maud
 19177 | Lair:6   | Killed Maud
 19899 | Lair:7   | Reached skill level 5 in Shields
 19899 | Lair:7   | Reached skill level 13 in Evocations
 19992 | Lair:7   | Reached skill level 1 in Staves
 21163 | Lair:8   | Entered Level 8 of the Lair of Beasts
 21851 | Lair:8   | Reached XP level 14. HP: 94/115 MP: 8/29
 22714 | Lair:8   | Reached skill level 10 in Dodging
 22725 | Lair:8   | Reached skill level 10 in Fire Magic
 23601 | Lair:8   | Reached skill level 14 in Evocations
 23824 | Lair:8   | Learned a level 7 spell: Ring of Flames
 23959 | Lair:8   | Found a staircase to the Slime Pits.
 23960 | Lair:8   | Found a viscous altar of Jiyva.
 24308 | Lair:8   | Reached skill level 1 in Charms
 24842 | D:11     | Noticed a red ugly thing
 24859 | D:11     | Killed a red ugly thing
 25316 | D:11     | Killed Urug
 25477 | D:11     | Noticed an eight-headed hydra
 25487 | D:11     | Killed an eight-headed hydra
 25698 | D:11     | Killed a skeletal warrior
 25698 | D:11     | Killed a skeletal warrior
 25699 | D:11     | Killed a skeletal warrior
 25699 | D:11     | Killed a skeletal warrior
 25781 | D:12     | Found Giryim's Antique Weapon Emporium.
 25823 | D:12     | Identified a scroll of acquirement
 25842 | D:12     | Noticed Fannar
 25891 | D:12     | Killed Fannar
 27272 | D:13     | Reached XP level 15. HP: 121/121 MP: 4/31
 27461 | D:13     | Got an iridescent spear
 27462 | D:13     | Identified the +11 spear "Xeurchaketz" {flame, rC- MR++ Int+5} (You found it on level 13 of the Dungeon)
 27605 | D:13     | Reached skill level 5 in Staves
 27729 | D:13     | Noticed Snorg
 27763 | D:13     | Killed Snorg
 28313 | Orc:1    | Entered Level 1 of the Orcish Mines
 29022 | Orc:2    | Found a roughly hewn altar of Beogh.
 29545 | Orc:2    | Noticed Josephine
 29554 | Orc:2    | Killed Josephine
 29626 | Orc:2    | Found Achaunu's Magic Scroll Shop.
 29634 | Orc:2    | Bought a scroll of recharging for 133 gold pieces
 29634 | Orc:2    | Bought a scroll of recharging for 133 gold pieces
 29634 | Orc:2    | Bought a scroll of recharging for 133 gold pieces
 29637 | Orc:2    | Bought a scroll of fog for 28 gold pieces
 29637 | Orc:2    | Bought a scroll of enchant armour for 105 gold pieces
 29637 | Orc:2    | Bought a scroll of blinking for 105 gold pieces
 29814 | Orc:3    | Found a staircase to the Elven Halls.
 30220 | Orc:4    | Entered Level 4 of the Orcish Mines
 30546 | Orc:4    | Found Tonugheo's Antique Armour Emporium.
 30559 | Orc:4    | Bought a pair of embroidered boots for 139 gold pieces
 31184 | Orc:4    | Reached skill level 15 in Evocations
 31193 | Orc:4    | Found Ippay's Food Shoppe.
 31193 | Orc:4    | Found Ymybbomu's General Store.
 31207 | Orc:4    | Found Duokuk's Antique Weapon Shoppe.
 31207 | Orc:4    | Found Zosarphe's Armour Shop.
 31214 | Orc:4    | Bought a scroll of acquirement for 728 gold pieces
 31239 | Orc:4    | Bought the cursed +0 cloak of a treasure trove {Str+3 Int+4} for 348 gold pieces
 31239 | Orc:4    | Bought a +1 pair of gloves for 172 gold pieces
 31755 | D:14     | Found Pooghac's Gadget Shop.
 32110 | D:14     | Found a sparkling altar of Nemelex Xobeh.
 32421 | D:14     | Found a gate to the Vaults.
 32707 | D:15     | Entered Level 15 of the Dungeon
 33196 | D:15     | Found an ancient bone altar of Kikubaaqudgha.
 33500 | D:15     | Learned a level 2 spell: Blink
 33518 | D:15     | Reached XP level 16. HP: 128/128 MP: 33/33
 33724 | D:15     | Found a staircase to the Depths.
 34113 | Snake:1  | Entered Level 1 of the Snake Pit
 34114 | Snake:1  | Upgraded the game from 0.17-a0-1011-gfa70bdd to 0.17-a0-1037-gbf358b4
 34207 | Snake:1  | Got a pitted buckler
 34218 | Snake:1  | Identified the +0 buckler of Ongugh {Str-5 Dex+3} (You found it on level 1 of the Snake Pit)
 34249 | Snake:1  | HP: 2/128 [naga sharpshooter/steel bolt (19)]
 34250 | Snake:1  | Shot with a steel bolt by a naga sharpshooter

Vault maps used:
D:1:      lemuel_arrival_hallway
D:2:      lemuel_crystal_altar, uniq_sigmund
D:3:      okawaru_gym_becter, uniq_natasha
D:4:      minmay_temple_entry_crystal_x, first_bread, uniq_duvessa
D:5:      lemuel_doored_altar, enter_ossuary_1
D:6:      uniq_edmund
D:7:      uniq_prince_ribbit1
D:8:      kennysheep_little_box, nicolae_overflow_hidden_temple, basic_altar
D:9:      cheibriados_altar_wand_db, erik_lair_island
D:10:     serial_shops, nicolae_shop_window_shopping
D:11:     zombieorc2_lemuel, uniq_harold, uniq_urug, uniq_sonja
D:12:     serial_shops, nicolae_shop_trees, hangedman_little_slice_of_home,
          uniq_fannar
D:13:     uniq_snorg
D:14:     grunt_vaults_entry_fortified, serial_shops, shop,
          hangedman_abyss_or_decor_lesser_grid, nemelex_deck
D:15:     gammafunk_enter_depths_forms, nicolae_snake_squiggles, basic_altar,
          kennysheep_crisscross
Temple:   water_room_temple_a_12
Lair:1:   serial_forest, infiniplex_forest_straight_5,
          infiniplex_forest_diagonal, infiniplex_forest_corner_1,
          infiniplex_forest_zigzag_1, infiniplex_forest_straight_3,
          infiniplex_forest_lined_2, infiniplex_forest_corner_1,
          infiniplex_forest_straight_4, st_stairs_3
Lair:2:   statuecave_lemuel, serial_bayou_shore_a
Lair:3:   dummy_snake_entry
Lair:4:   st_stairs_13
Lair:5:   minmay_shoals_entry_hut, lemuel_fruit_fields
Lair:6:   basic_altar, lemuel_fruit_fields, uniq_maud
Lair:7:   beast_lair_carwin_6
Lair:8:   evil_forest, slime_altar_1
Shoals:1: nicolae_shoals_stone_sculpture_thing,
          nicolae_shoals_siren_and_animal_friends
Snake:1:  kennysheep_six_static_rooms, serial_bayou_shore_b
Orc:1:    nicolae_orc_accident_1, mines_bat_river
Orc:2:    serial_shops, nicolae_shop_behind_doors, basic_altar, uniq_josephine
Orc:3:    nicolae_orc_pool_cavern
Orc:4:    grunt_orc_tribal_feast, serial_shops, nicolae_shop_crystal
Ossuary:  ossuary_minmay_scorpions

Action                   |  1- 3 |  4- 6 |  7- 9 | 10-12 | 13-15 | 16-18 || total
-------------------------+-------+-------+-------+-------+-------+-------++-------
Melee: Unarmed           |    80 |    27 |       |       |       |       ||   107
       Hand axe          |       |    20 |    45 |    22 |       |       ||    87
       Staff             |       |       |   163 |   215 |   395 |       ||   773
       Spear             |       |       |       |       |   622 |    73 ||   695
 Cast: Flame Tongue      |    78 |   136 |   206 |   360 |   393 |     4 ||  1177
       Conjure Flame     |       |     3 |    18 |    38 |    88 |     2 ||   149
       Sticky Flame      |       |       |    12 |    68 |   171 |       ||   251
       Fireball          |       |       |       |     3 |    34 |     3 ||    40
       Throw Flame       |       |       |       |    10 |    18 |     3 ||    31
 Abil: Breathe Dispellin |       |       |       |       |     2 |       ||     2
Evoke: Rod               |       |       |     6 |    38 |   105 |    12 ||   161
       Wand              |       |       |       |     3 |     1 |       ||     4
       Deck              |       |       |       |       |     6 |       ||     6
       Fan of gales      |       |       |       |       |     2 |       ||     2
  Use: Potion            |     1 |     4 |     2 |     2 |     5 |     1 ||    15
       Scroll            |       |     2 |    19 |    13 |    16 |       ||    50
 Stab: Sleeping          |     1 |     1 |     3 |     2 |    15 |       ||    22
       Distracted        |       |       |     1 |       |     9 |     1 ||    11
  Eat: Chunk             |     2 |     8 |     6 |    27 |    41 |     2 ||    86
       Royal jelly       |       |     1 |       |       |       |       ||     1
       Pizza             |       |       |     1 |       |     1 |       ||     2
       Fruit             |       |       |     2 |     3 |       |       ||     5
       Meat ration       |       |       |     2 |     1 |     3 |       ||     6
       Beef jerky        |       |       |     1 |       |       |       ||     1
